 Dungeon Crawl Stone Soup version bcrawl-1.21.2-1-g32d02e0829 (webtiles) character file.

Game seed: 161741373948988610

147 Freyura the Shield-Bearer (level 5, -1/32 HPs)
             Began as a Vine Stalker Fighter on Feb 22, 2020.
             Succumbed to Duvessa's poison
             ... on level 3 of the Dungeon.
             The game lasted 00:06:04 (1754 turns).

Freyura the Shield-Bearer (Vine Stalker Fighter)    Turns: 1754, Time: 00:06:04

Health: -1/32      AC:  7    Str: 18    XL:     5   Next: 29%
Magic:  6/6        EV:  8    Int:  8    God:
Gold:   153        SH:  9    Dex: 15    Spells: 4/4 levels left

rFire    + . .     SeeInvis .   a - +0 flail
rCold    . . .     Gourm    .   c - +0 shield
rNeg     + . .     Faith    .   f - +1 scale mail {rF+}
rPois    .         Spirit   .   (no helmet)
rElec    .         Reflect  .   (no cloak)
rCorr    .         Harm     .   (no gloves)
MR       .....                  (no boots)
Stlth    ..........             (no amulet)
HPRegen  0.50/turn              i - ring of positive energy
MPRegen  0.10/turn              (no ring)

@: lethally poisoned (-1 -> -28)
A: fangs 2, regeneration 1, no potion heal 3, rot immunity, strong jaws
a: no special abilities


You were on level 3 of the Dungeon.
You were very hungry.

You visited 1 branch of the dungeon, and saw 4 of its levels.

You collected 153 gold pieces.

Inventory:

Hand Weapons
 a - a +0 flail (weapon)
Armour
 b - a +0 scale mail
 c - a +0 shield (worn)
 f - a +1 scale mail of fire resistance (worn)
Jewellery
 d - an uncursed ring of wizardry
 i - a ring of positive energy (left hand)
Scrolls
 h - 2 scrolls of identify
 j - 3 scrolls of teleportation
 m - a scroll of immolation
 n - 2 scrolls of amnesia
Potions
 g - a potion of magic
 k - a potion of resistance
 l - a potion of might
 o - a potion of brilliance
Comestibles
 e - 9 rations {!d}


   Skills:
 + Level 3.0 Fighting
 * Level 3.1 Maces & Flails
 + Level 2.9 Armour
 * Level 1.8 Dodging
 + Level 0.1 Stealth
 + Level 3.3 Shields


You had 4 spell levels left.
You didn't know any spells.
Your spell library was empty.

Dungeon Overview and Level Annotations

Branches:
Dungeon (4/12)
 Temple: D:4-7

Altars:
Cheibriados
Qazlal
Sif Muna

Annotations:
D:3 Dowan, Duvessa


Innate Abilities, Weirdness & Mutations

You have extremely sharp teeth.
Your natural rate of healing is unusually fast.
Potions cannot restore your health.
You are immune to rotting.
Your bites deal extra damage.


Message History

You are too injured to fight recklessly!
You are too injured to fight recklessly!
You are too injured to fight recklessly!
You are too injured to fight recklessly!
You are too injured to fight recklessly!
You feel very sick. Duvessa barely misses you.
There is a stone staircase leading up here.
* * * LOW HITPOINT WARNING * * *
You feel very sick. You block Duvessa's attack.
Dowan smirks and points a slender finger.
Dowan hits you but does no damage.
You climb upwards.
* * * LOW HITPOINT WARNING * * *
You feel very sick.
There is a stone staircase leading down here.
Your shield and scale mail prevent you from hitting Duvessa.
Duvessa is moderately wounded.
You die...

.<.####..# #.## #.#.. ##.####..#
#..# #.... .........#
##.#############.. ##.####..#
#...........# ##. ##.# #..#
#..########.# #. ##.####..###
#..# #.# #. ...........# #..#
#.# ## #####......# #.e# #.# #
#....#.#####@e##### #.# #
##^............<..# #.#
#..##............####.#####
#..##.....................#
#..########.......###.###.# ####
#..### #.......(...# #.## ...#
#....# #.......##### #...
##.###....########...### ####
#.##.....#..........############


You could see Duvessa and Dowan.

Vanquished Creatures
  A crimson imp (D:3)
  A jelly (D:3)
  2 adders
  2 worms
  2 dart slugs
  8 leopard geckos
  2 orcs (D:3)
  3 giant cockroaches
  3 goblins
  8 hobgoblins
  3 kobolds
  2 quokkas (D:3)
  A bat (D:1)
  A frilled lizard (D:2)
  9 rats
48 creatures vanquished.

Notes
Turn   | Place    | Note
-------+----------+-------------------------------------------
     0 | D:1      | Freyura the Vine Stalker Fighter began the quest for the
                  | Orb.
     0 | D:1      | Reached XP level 1. HP: 13/13 MP: 2/2
   140 | D:1      | Reached XP level 2. HP: 18/18 MP: 3/3
   626 | D:2      | Reached XP level 3. HP: 14/23 MP: 4/4
   633 | D:2      | Reached skill level 1 in Dodging
   754 | D:2      | Found a snail-covered altar of Cheibriados.
   829 | D:2      | Found a faded altar of an unknown god.
   882 | D:2      | Reached XP level 4. HP: 28/28 MP: 5/5
  1160 | D:3      | Found a stormy altar of Qazlal.
  1181 | D:3      | Found a shimmering blue altar of Sif Muna.
  1344 | D:3      | Reached XP level 5. HP: 32/32 MP: 6/6
  1743 | D:4      | Noticed Duvessa
  1743 | D:4      | Noticed Dowan
  1754 | D:3      | Succumbed to Duvessa's poison

Skill      XL: |  1  2  3  4  5 |
---------------+----------------+-----
Maces & Flails | 2 3 |  3.1
Fighting       | 3 |  3.0
Shields        | 3 |  3.3
Dodging        | 1 |  1.8
Armour         | |  2.9
Stealth        | |  0.1

Action                   |  1- 3 |  4- 6 || total
-------------------------+-------+-------++-------
Melee: Flail             |   100 |    69 ||   169
       Bite              |    10 |    10 ||    20
  Use: Potion            |     1 |       ||     1
       Scroll            |       |     8 ||     8
  Eat: Chunk             |       |     2 ||     2
Armor: Scale mail        |    57 |    20 ||    77
Dodge: Dodged            |    46 |    15 ||    61
Block: Shield            |    54 |    43 ||    97
